 Dungeon Crawl Stone Soup version 0.24.0-1-gfbc8707 (webtiles) character file.

Game seed: 222768784280605213, levelgen mode: deterministic

60 Oakenshield the Ducker (level 3, 0/14 HPs)
             Began as a Felid Ice Elementalist on Nov 6, 2019.
             Succumbed to an adder's poison
             ... on level 2 of the Dungeon on Nov 7, 2019.
             The game lasted 00:14:03 (2399 turns).

Oakenshield the Ducker (Felid Ice Elementalist)     Turns: 2399, Time: 00:14:04

Health: 0/14       AC:  1    Str:  4    XL:     3   Next: 82%
Magic:  1/7        EV: 19    Int: 17    God:
Gold:   24         SH:  0    Dex: 16    Spells: 1/6 levels left
                                        Lives:  0   Deaths: 0

rFire    . . .     SeeInvis +   (weapon unavailable)
rCold    . . .     Gourm    .   (shield unavailable)
rNeg     . . .     Faith    .   (armour unavailable)
rPois    .         Spirit   .   (helmet unavailable)
rElec    .         Reflect  .   (cloak unavailable)
rCorr    .         Harm     .   (gloves unavailable)
MR       .....                  (boots unavailable)
Stlth    +++.......             (no amulet)
HPRegen  0.04/turn              (no ring)
MPRegen  0.10/turn              (no ring)

@: lethally poisoned (0 -> -5), very slightly contaminated, invisible, quick
A: very small, no armour, no weapons or thrown items, stealth, claws 1, fangs 3,
see invisible, carnivore, speed 1, shaggy fur 1, slow metabolism 1, sharp paws
a: no special abilities


You were on level 2 of the Dungeon.
You were very full.

You visited 1 branch of the dungeon, and saw 2 of its levels.

You collected 24 gold pieces.

Inventory:

Scrolls
 h - a scroll of random uselessness {unknown}
 i - a scroll of noise {unknown}
Potions
 a - a potion of invisibility
 g - a potion of flight {unknown}
Comestibles
 b - 4 rations


   Skills:
 + Level 3.6 Dodging
 + Level 3.5 Stealth
 + Level 0.7 Unarmed Combat
 + Level 2.4 Spellcasting
 + Level 0.9 Conjurations
 + Level 3.2 Ice Magic


You had one spell level left.
You knew the following spells:

 Your Spells              Type           Power        Failure   Level  Hunger
b - Throw Frost           Conj/Ice       #.....       12%         2    ##.....
c - Ozocubu's Armour      Chrm/Ice       #.......     28%         3    ###....

Your spell library contained the following spells:

 Spells                   Type           Power        Failure   Level  Hunger
 Freeze                   Ice            ##..         4%          1    #......
 Throw Icicle             Conj/Ice       #.......     61%         4    #####..
 Summon Ice Beast         Ice/Summ       #.......     67%         4    #####..


Dungeon Overview and Level Annotations

Branches:
Dungeon (2/15)

Altars:

Annotations:
D:2 Jessica


Innate Abilities, Weirdness & Mutations

You cannot wear armour.
You are incapable of wielding weapons or throwing items.
Your paws allow you to move quietly. (Stealth)
You have sharp claws.
You have razor-sharp teeth.
You have supernaturally acute eyesight. (SInv)
You are carnivorous and can eat meat at any time.
You cover ground quickly.
You are covered in fur. (AC +1)
You have a slow metabolism.
Your sharp claws are effective at attacking unaware monsters.


Message History

The adder closely misses you.
You scratch the adder but do no damage.
The adder is heavily wounded.
The adder barely misses you. The adder misses you.
You miss the adder.
The adder is heavily wounded.
You feel sick. The adder barely misses you.
You miss the adder.
The adder is heavily wounded.
The adder bites you.
* * * LOW HITPOINT WARNING * * *
You scratch the adder but do no damage.
The adder is heavily wounded.
The adder closely misses you. The adder misses you.
You scratch the adder. Your claw misses the adder.
The adder is severely wounded.
The adder completely misses you.
It was a potion of invisibility.
You fade into invisibility!
You die...

#. #$ ###.# #.# .....##.#
........# ##### ........#
#...# ........### #...# .
......#...####...###.########.
............S@................
.S...#...###....###<#.......#
##. #.######...# #.......#
...# #.....# #........ #.###
#.....# #........ #.
#####.....# #.......# .
..........# #........ ##
#####.....# #.......# #....##
####.....


You could see an adder.

Vanquished Creatures
  An adder (D:2)
  A worm (D:2)
  2 dart slugs (D:1)
  A leopard gecko (D:1)
  5 giant cockroaches
  3 hobgoblins (D:2)
  4 jackals (D:2)
  A ball python (D:1)
  6 bats
  6 goblins (D:1)
  4 kobolds
  7 rats
41 creatures vanquished.

Notes
Turn   | Place    | Note
-------+----------+-------------------------------------------
     0 | D:1      | Oakenshield the Felid Ice Elementalist began the quest for
                  | the Orb.
     0 | D:1      | Reached XP level 1. HP: 7/7 MP: 4/4
   334 | D:1      | Reached XP level 2. HP: 10/11 MP: 6/6
  1020 | D:1      | Reached XP level 3. HP: 9/14 MP: 7/7
  1229 | D:1      | Learned a level 2 spell: Throw Frost
  1233 | D:1      | Learned a level 3 spell: Ozocubu's Armour
  2018 | D:2      | Noticed Jessica
  2399 | D:2      | Succumbed to an adder's poison

Levels and vault maps discovered:
D:1:      roderic_crossed_star, layout_basic
D:2:      layout_basic, nicolae_overflow_crystal_walls, first_ration,
          serial_park_tiny_1, chequers_serial_rivers_micro_d,
          grunt_dithmenos_smoke_and_mirrors, uniq_jessica

Skill      XL: |  1  2 |
---------------+-------+-----
Ice Magic      | 3 |  3.2
Stealth        | 3 |  3.5
Dodging        | 3 |  3.6
Unarmed Combat | |  0.7
Spellcasting   | |  2.4
Conjurations   | |  0.9

Action                   || total
-------------------------++-------
Melee: Unarmed           ||   142
       Bite              ||    15
 Cast: Freeze            ||    32
       Throw Frost       ||    11
       Ozocubu's Armour  ||     1
  Use: Scroll            ||     4
       Potion            ||     1
 Stab: Sleeping          ||     5
  Eat: Chunk             ||    11
Armor: Skin              ||     5
Dodge: Dodged            ||   144
